AoeStats
← pcreek

Arena

510394424Analyzed
1v1 RM · 2d ago on Sep 30, 2026· 119m 0s· 2 players
Game mode
Random Map
Map size
Tiny (2 player)
Population
200
Speed
Normal
Resources
Standard
Victory
Conquest
Starting age
Dark Age
Ending age
Imperial Age
RankedLock teamsTeams togetherTeam positionsShared explorationLock speedFull tech treeHidden civsTurbo modeCheats
Victory
Defeat
🇬🇧 Teutons · United Kingdom
489
+20
🇫🇷 Bohemians · France
577
-20
pcreek
2:26 Loom
9:48 Feudal Age
10:47 Horse Collar
16:56 Double-Bit Axe
19:55 Castle Age
19:32 Stone Mining
22:40 Fletching
22:50 Scale Mail Armor
23:01 Forging
22:51 Padded Archer Armor
22:16 Man-at-Arms
23:13 Long Swordsman
25:12 Gold Mining
27:40 Squires
27:01 Pikeman
28:03 Chain Mail Armor
35:34 Imperial Age
33:37 Bow Saw
34:07 Wheelbarrow
33:17 Town Watch
33:56 Heavy Plow
35:33 Fervor
35:35 Redemption
36:51 Stone Shaft Mining
41:43 Ballistics
41:50 Leather Archer Armor
43:20 Elite Skirmisher
48:14 Plate Mail Armor
47:47 Bodkin Arrow
48:14 Fortified Wall
50:44 Chemistry
50:08 Block Printing
50:26 Crenellations
51:43 Hand Cart
51:29 Town Patrol
55:46 Elite Teutonic Knight
57:44 Bombard Tower
58:41 Two-Man Saw
58:37 Illumination
58:58 Theocracy
58:47 Sanctity
60:51 Scale Barding Armor
61:17 Ring Archer Armor
60:29 Cavalier
63:10 Guilds
64:07 Masonry
64:03 Siege Engineers
64:09 Paladin
65:45 Chain Barding Armor
72:26 Bloodlines
96:21 Masonry
96:08 Guard Tower
111:56 Plate Barding Armor
111:57 Iron Casting
pavelpriesel
10:57 Feudal Age
11:44 Double-Bit Axe
14:23 Horse Collar
19:55 Wheelbarrow
21:12 Fletching
21:23 Padded Archer Armor
21:28 Scale Mail Armor
21:39 Forging
24:56 Castle Age
24:54 Arson
25:14 Crossbowman
26:12 Leather Archer Armor
25:56 Bodkin Arrow
26:31 Fervor
26:48 Squires
27:46 Bow Saw
27:39 Heavy Plow
31:41 Leather Archer Armor
34:12 Imperial Age
33:32 Chemistry
33:07 Ballistics
32:58 Fortified Wall
33:25 Town Watch
35:19 Siege Engineers
36:16 Conscription
42:05 Two-Man Saw
41:36 Hand Cart
41:21 Town Patrol
41:27 Bracer
47:25 Arbalester
50:17 Ring Archer Armor
55:31 Houfnice
58:18 Elite Hussite Wagon
59:20 Wagenburg Tactics
60:50 Pikeman
69:41 Halberdier
71:22 Chain Mail Armor
71:45 Iron Casting
92:53 Heavy Scorpion
95:29 Elite Skirmisher
106:32 Man-at-Arms
108:19 Plate Mail Armor
108:49 Blast Furnace
107:18 Long Swordsman
108:25 Two-Handed Swordsman
109:05 Champion
Connection lost

Rejoining the realm…

Still unreachable

The connection could not be restored.

Session expired

The server has moved on; the page needs a fresh start.